 Dungeon Crawl Stone Soup version 0.30.0-29-ga12c61a403 (webtiles) character file.

Game seed: 16067747126805298854

79 LustLizard the Gusty (level 4, 0/28 HPs)
             Began as an Octopode Air Elementalist on June 24, 2023.
             Slain by Crazy Yiuf
             ... wielding a +3 quarterstaff of chaos
              (13 damage)
             ... on level 2 of the Dungeon.
             The game lasted 00:01:58 (2692 turns).

LustLizard the Gusty (Octopode Air Elementalist)    Turns: 2692, Time: 00:01:59

Health: 0/28       AC:  1    Str:  9    XL:     4   Next: 37%
Magic:  0/7        EV: 13    Int: 17    God:
Gold:   152        SH:  0    Dex: 12    Spells: 2/8 levels left

rFire   . . .        (no weapon)
rCold   . . .        (no shield)
rNeg    . . .        (helmet restricted)
rPois   .            (no amulet)
rElec   .            m - ring of flight
rCorr   .            (no ring)
SInv    .            (no ring)
Will    .....        (no ring)
Stlth   +++          (no ring)
HPRegen 0.24/turn    (no ring)
MPRegen 0.10/turn    (no ring)
                     (no ring)

%: no passive effects
@: flying
A: almost no armour, amphibious, 8 rings, camouflage 1, gelatinous body 1,
(nimble swimmer 1), tentacles
a: no special abilities


You were on level 2 of the Dungeon.
You visited 1 branch of the dungeon, and saw 2 of its levels.

You collected 152 gold pieces.

Inventory:

Jewellery
 c - a ring of fire
 m - a ring of flight (left tentacle)
Wands
 i - a wand of light (6)
Scrolls
 b - a scroll of fear {unknown}
 e - a scroll of poison {unknown}
 g - a scroll of teleportation {unknown}
 j - 2 scrolls of identify {unknown}
 n - a scroll of amnesia {unknown}
 o - a scroll of enchant weapon {unknown}
Potions
 a - a potion of magic
 d - a potion of ambrosia {unknown}
 f - 2 potions of cancellation {unknown}
 h - 2 potions of lignification {unknown}
 k - a potion of attraction {unknown}
 l - a potion of curing {unknown}


   Skills:
 + Level 1.3 Fighting
 - Level 2.0 Dodging
 + Level 3.4 Stealth
 + Level 2.5 Spellcasting
 + Level 1.7 Conjurations
 * Level 3.8 Air Magic


You had 2 spell levels left.
You knew the following spells:

 Your Spells              Type           Power      Damage    Failure   Level
a - Shock                 Conj/Air       44%        1d5       6%          1
b - Static Discharge      Conj/Air       22%        2-3/arc   9%          2
c - Swiftness             Air            15%        N/A       12%         3

Your spell library contained the following spells:

 Spells                   Type           Power      Damage    Failure   Level
 Airstrike                Air            7%         2d(2-18)  36%         4


Dungeon Overview and Level Annotations

Branches:
Dungeon (2/15)

Altars:

Annotations:
D:2 Crazy Yiuf


Innate Abilities, Weirdness & Mutations

You cannot wear most types of armour.
You are amphibious.
You can wear up to eight rings at the same time.
Your skin changes colour to match your surroundings (Stealth+).
Your rubbery body absorbs attacks. (AC +1, EV +1)
((You are camouflaged when in or above water. (Stealth+)))
You have tentacles for arms and can constrict up to eight enemies at once.


Message History

a +0 dagger; a +0 robe
o - a scroll labelled GAYMOM LAIM
There is a stone staircase leading down here.
You see here 6 stones.
You see here 3 atropa-tipped darts.
Found a stone staircase leading down.
There is a stone staircase leading down here.
Things that are here:
a +0 club; 2 poisoned darts You reach down and open the door.
The zap hits Crazy Yiuf but does no damage.
Crazy Yiuf shouts!
The zap hits Crazy Yiuf.
Crazy Yiuf is moderately wounded.
Crazy Yiuf drinks a potion.
Crazy Yiuf seems to speed up.
Casting: Shock (safe; 6% risk of failure)
Confirm with . or Enter, or press ? or * to list all spells.
Okay, then.
The zap hits Crazy Yiuf.
Crazy Yiuf is heavily wounded.
Crazy Yiuf misses you.
Casting: Shock (safe; 6% risk of failure)
Confirm with . or Enter, or press ? or * to list all spells.
Crazy Yiuf is struck by an arc of lightning.
Crazy Yiuf is heavily wounded.
You are struck by an arc of lightning.
Crazy Yiuf is struck by an arc of lightning.
Crazy Yiuf is severely wounded.
The lightning grounds out.
Crazy Yiuf whimpers, "Snurf seventy green!"
Crazy Yiuf hits you with a +3 quarterstaff of chaos!
You feel your power leaking away.
Casting: Static Discharge (safe; 9% risk of failure)
Confirm with . or Enter, or press ? or * to list all spells.
You don't have enough magic to cast this spell.
Unknown command.
You tentacle-slap Crazy Yiuf. Your grab misses Crazy Yiuf.
Crazy Yiuf is severely wounded.
Crazy Yiuf hits you with a +3 quarterstaff of chaos!
You die...

#.......####....# #.#.###.#
####.......# ##..##
#........ ......######
♣....♣ ###.###.# ####..#
♣♣...♣ #...... #..# ♣♣.♣♣
####### #..# ♣♣.♣ ######
#..# ♣.♣♣ #####..... #(.#
♣♣.♣ #......... # #..######
♣@♣♣ #.###.#### # #.......#
#g# ###.###.### # #.#######
... #.........# # #.# #...#
#.....#.#.# # #.# #)..#
#.###.#.#.## # #.# ##### #.#
#...#... # #.# #(###.######
# #.#################.....#
####.....................###


You could see Crazy Yiuf (fast).

Vanquished Creatures
  Jessica (D:2)
  A worm (D:2)
  2 dart slugs (D:2)
  6 ball pythons
  5 bats
  5 endoplasms
  2 giant cockroaches (D:1)
  4 goblins
  5 hobgoblins
  2 quokkas (D:1)
  A frilled lizard (D:1)
  5 kobolds
  2 rats
41 creatures vanquished.

Notes
Turn   | Place    | Note
-------+----------+-------------------------------------------
     0 | D:1      | LustLizard the Octopode Air Elementalist began the quest
                  | for the Orb.
     0 | D:1      | Reached XP level 1. HP: 11/11 MP: 3/3
   152 | D:1      | Reached XP level 2. HP: 18/18 MP: 0/5
  1224 | D:1      | Reached XP level 3. HP: 22/22 MP: 3/6
  1571 | D:2      | Reached skill level 1 in Fighting
  2162 | D:2      | Found a runed translucent door.
  2163 | D:2      | Noticed Crazy Yiuf
  2455 | D:2      | Noticed Jessica
  2460 | D:2      | Learned a level 2 spell: Static Discharge
  2464 | D:2      | Learned a level 3 spell: Swiftness
  2468 | D:2      | Killed Jessica
  2469 | D:2      | Reached XP level 4. HP: 26/28 MP: 1/7
  2692 | D:2      | Slain by Crazy Yiuf

Illustrated notes

Levels and vault maps discovered:
D:1:      dpeg_arrival_ternary, layout_basic
D:2:      layout_loops_ring, minmay_quadrilaterals, uniq_jessica,
          uniq_crazy_yiuf_cottage

Skill      XL: |  1  2  3 |
---------------+----------+-----
Stealth        | 3 |  3.4
Fighting       | 1 |  1.3
Dodging        | |  2.0
Spellcasting   | |  2.5
Conjurations   | |  1.7
Air Magic      | |  3.8

Action                     |  1- 3 |  4- 6 || total
---------------------------+-------+-------++-------
  Melee: Unarmed           |    14 |     1 ||    15
         Constrict         |     3 |       ||     3
         Tentacles         |     2 |       ||     2
   Cast: Shock             |    91 |     3 ||    94
         Static Discharge  |     1 |     1 ||     2
  Dodge: Dodged            |    23 |     1 ||    24
